 Dungeon Crawl Stone Soup version 0.17.0 (webtiles) character file.

375 thrall606 the Covered (level 6, -1/53 HPs)
             Began as a Hill Orc Fighter on Nov 6, 2015.
             Slain by a gnoll (5 damage)
             ... on level 4 of the Dungeon.
             The game lasted 00:12:26 (3534 turns).

thrall606 the Covered (Hill Orc Fighter)            Turns: 3534, Time: 00:12:26

Health: -1/53      AC:  8    Str: 20    XL:     6   Next: 72%
Magic:  6/6        EV:  8    Int:  8    God:
Gold:   212        SH:  9    Dex: 11    Spells: 0 memorised, 5 levels left

rFire  . . .     SeeInvis .     x - +1 dagger (venom)
rCold  . . .     Clarity  .     b - +1 scale mail
rNeg   . . .     SustAt   .     c - +0 shield
rPois  .         Gourm    .     (no helmet)
rElec  .         Spirit   .     (no cloak)
rCorr  +         Warding  .     (no gloves)
rMut   .         Stasis   .     (no boots)
MR     .....                    s - amulet of resist corrosion
Stlth  ..........               (no ring)
                                (no ring)

@: not resistant to hostile enchantments, extremely unstealthy
A: no striking features
a: no special abilities


You were on level 4 of the Dungeon.
You were not hungry.

You visited 1 branch of the dungeon, and saw 4 of its levels.
You also visited: Ossuary.

You collected 212 gold pieces.

Inventory:

Hand Weapons
 a - a +0 long sword
 h - a +0 hand axe
 x - a +1 dagger of venom (weapon)
Armour
 b - a +1 scale mail (worn)
 c - a +0 shield (worn)
 u - a -2 cloak
Jewellery
 p - a cursed amulet of inaccuracy {unknown}
 s - an amulet of resist corrosion (around neck)
 A - a cursed ring of teleportation {unknown}
 B - an uncursed ring of wizardry {unknown}
Scrolls
 d - a scroll of magic mapping
 f - 2 scrolls of blinking
 j - 3 scrolls of noise
 m - 3 scrolls of remove curse
 o - 3 scrolls of identify
 v - a scroll of enchant armour
Potions
 l - a potion of brilliance {unknown}
 r - a potion of ambrosia {unknown}
 z - a potion of invisibility {unknown}
Books
 n - a book of Envenomations

   Spells                             Type                      Level
   a - Spider Form                    Transmutation/Poison         3
   b - Alistair's Intoxication        Transmutation/Poison         4
   c - Olgreb's Toxic Radiance        Poison                       4
   d - Poisonous Cloud                Conjuration/Poison/Air       6
Comestibles
 e - a bread ration
 g - 5 fruits
 k - a royal jelly
 q - 2 slices of pizza
 w - 2 meat rations


   Skills:
 + Level 4.7 Fighting
 + Level 0.6(1.4) Short Blades
 + Level 2.2(2.3) Long Blades
 + Level 1.1 Axes
 + Level 5.4 Armour
 + Level 2.1 Dodging
 + Level 4.7 Shields


You had 5 spell levels left.
You didn't know any spells.

Dungeon Overview and Level Annotations

Branches:
Dungeon (4/15)
 Temple: D:4-7

Altars:
Gozag
Kikubaaqudgha
Okawaru
Trog
Xom
Zin


Message History

The gnoll shaman looks even sicker.
You block the gnoll's attack. The gnoll completely misses you.
You block the gnoll's attack. The gnoll hits you.
* * * LOW HITPOINT WARNING * * *
The gnoll shaman completely misses you.
You hit the gnoll shaman.
The gnoll shaman is lightly wounded.
You are no longer glowing.
You block the gnoll's attack. The gnoll hits you but does no damage.
The gnoll hits you but does no damage. You block the gnoll shaman's attack.
You closely miss the gnoll shaman.
The gnoll shaman is moderately wounded.
You block the gnoll's attack. x2
The gnoll barely misses you. You block the gnoll's attack.
The gnoll shaman utters an invocation to its god.
The gnoll shaman is healed somewhat.
You closely miss the gnoll shaman.
The gnoll shaman is moderately wounded.
The gnoll hits you.
You die...

*##...........# ******,,....
*,.!..........#*******,,,,,,,...#
,,,...........#,,,,,,,,,,,**,.,,*
,,,,#..........,,,,,,,,,****,,,,*
,****#....)..,,**,,,,,,,* *,,,,*
** #....######**,,,,,,* *,,,,* *
#...).....#####***** *,,,,* *
##........g.g..####### **,,**
#.........gg@........########
#.........###................
*#.........# #########........ **
#.##...>...# ######...
,**#.*##.....## #... ,,*..*
##...## #..# ,,..** ##### #).'
,..,,* #..# ,,,,,** #...


You could see a gnoll shaman and 3 gnolls.

Vanquished Creatures
  A sky beast (D:4)
  An ogre (D:4)
  A giant frog skeleton (D:3)
  A worker ant (D:4)
  3 adders
  5 gnolls
  A shadow imp (D:3)
  A worm (D:3)
  3 giant geckos
  3 orcs
  9 bats
  13 goblins
  3 hobgoblins
  5 jackals
  4 quokkas
  2 ball pythons
  4 giant cockroaches
  5 giant newts
  8 kobolds
73 creatures vanquished.

Notes
Turn   | Place    | Note
--------------------------------------------------------------
     0 | D:1      | thrall606 the Hill Orc Fighter began the quest for the Orb.
     0 | D:1      | Reached XP level 1. HP: 19/19 MP: 1/1
   247 | D:1      | Reached XP level 2. HP: 22/27 MP: 2/2
   544 | D:1      | Reached skill level 4 in Fighting
   788 | D:2      | Found an ancient bone altar of Kikubaaqudgha.
   814 | D:2      | Found an opulent altar of Gozag.
   834 | D:2      | Reached XP level 3. HP: 17/33 MP: 3/3
  1263 | D:2      | Found a bloodstained altar of Trog.
  1328 | D:2      | Found a glowing silver altar of Zin.
  1328 | D:2      | Found a shimmering altar of Xom.
  1328 | D:2      | Noticed an angel
  1671 | D:3      | Reached XP level 4. HP: 24/40 MP: 4/4
  1819 | D:3      | Reached skill level 1 in Axes
  1864 | D:3      | Reached skill level 1 in Dodging
  2039 | D:3      | Found an iron altar of Okawaru.
  2100 | D:3      | Reached XP level 5. HP: 20/46 MP: 5/5
  2958 | D:3      | Noticed an ogre
  3325 | D:4      | Noticed an ogre
  3342 | D:4      | Killed an ogre
  3342 | D:4      | Reached skill level 5 in Armour
  3342 | D:4      | Reached XP level 6. HP: 40/53 MP: 6/6
  3405 | D:4      | Found a sand-covered staircase.
  3412 | Ossuary  | Entered an ossuary
  3449 | D:4      | Noticed a sky beast
  3463 | D:4      | Killed a sky beast
  3534 | D:4      | Slain by a gnoll

Action                   |  1- 3 |  4- 6 || total
-------------------------+-------+-------++-------
Melee: Hand axe          |   139 |    64 ||   203
       Long sword        |     7 |       ||     7
       Dagger            |       |   110 ||   110
  Use: Potion            |     5 |     5 ||    10
       Scroll            |     5 |     7 ||    12
  Eat: Chunk             |     3 |     4 ||     7
       Fruit             |       |     1 ||     1
       Bread ration      |       |     1 ||     1
